 Dungeon Crawl Stone Soup version 0.31.0-12-g77e489cdc1 (webtiles) character file.

Game seed: 9171288604882473846

76 Gadfly the Trooper (level 4, -2/49 HPs)
             Began as an Oni Berserker on Feb 27, 2024.
             Was a Believer of Trog.
             Frozen to death by an endoplasm (4 damage)
             ... on level 3 of the Dungeon.
             The game lasted 00:03:19 (1613 turns).

Gadfly the Trooper (Oni Berserker)                  Turns: 1613, Time: 00:03:21

Health: -2/49      AC:  3    Str: 21    XL:     4   Next: 32%
Magic:  4/4        EV: 10    Int:  8    God:    Trog [**....]
Gold:   68         SH:  0    Dex: 10    Spells: 3/3 levels left

rFire   . . .        a - +0 flail
rCold   . . .        (no shield)
rNeg    . . .        i - +0 robe
rPois   .            (helmet restricted)
rElec   .            (no cloak)
rCorr   .            (gloves unavailable)
SInv    .            (boots unavailable)
Will    .....        c - amulet of regeneration
Stlth   +            (no ring)
HPRegen 1.08/turn    (no ring)
MPRegen 0.09/turn

%: no passive effects
@: mighty
A: large, unfitting armour, horns 1, tough skin 1, double potion healing,
drunken brawling
a: Renounce Religion, Berserk, Trog's Hand


You were on level 3 of the Dungeon.
You worshipped Trog.
Trog was pleased with you.
You visited 1 branch of the dungeon, and saw 3 of its levels.

You collected 68 gold pieces.

Inventory:

Hand Weapons
 a - a +0 flail (weapon)
Armour
 i - a +0 robe (worn)
Jewellery
 c - an amulet of regeneration (around neck)
Potions
 b - a potion of haste
 d - a potion of resistance
 e - a potion of attraction
 f - a potion of lignification
 j - a potion of heal wounds


   Skills:
 + Level 4.4 Fighting
 * Level 3.6 Maces & Flails
 * Level 1.6 Armour
 - Level 2.6 Dodging
 * Level 1.5 Evocations


You had 3 spell levels left.
You didn't know any spells.
Your spell library was empty.

Dungeon Overview and Level Annotations

Branches:
Dungeon (3/15)

Altars:


Innate Abilities, Weirdness & Mutations

You are too large for most types of armour.
You have a pair of small horns on your head.
You have tough skin. (AC +1)
You gain doubled healing and magic from potions.
Whenever you drink a healing potion, you attack all around you.


Message History

A ball python comes into view.
An endoplasm comes into view.
You hear some strange, mumbled words.
A magic dart appears from out of thin air!
The magic dart hits you.
You miss something.
The endoplasm quivers.
The ball python hisses angrily.
Your headbutt misses something. Something hits you. Something hits you.
The ball python bites you.
A magic dart appears from out of thin air!
The magic dart hits you.
* * * LOW HITPOINT WARNING * * *
The ball python barely misses you. Something hits you but does no damage.
The ball python barely misses you.
You hit the ball python.
You kill the ball python!
Trog accepts your kill. Something hits you.
* * * LOW HITPOINT WARNING * * *
You bump into the rock wall.
You feel less confused. Something hits you.
* * * LOW HITPOINT WARNING * * *
It was a potion of might.
You feel very mighty all of a sudden. Something hits you.
* * * LOW HITPOINT WARNING * * *
Okay, then.
You hit something. Your punch misses something.
Something hits you but does no damage. The endoplasm closely misses you.
Something completely misses you.
You barely miss something.
You hear some strange, mumbled words.
A magic dart appears from out of thin air!
The magic dart hits you!
* * * LOW HITPOINT WARNING * * *
The endoplasm freezes you.
You are frozen.
You die...

....... #..... #....
#...# #...# ## #...#
#.###{†<# #.
##.#..@J..# ###.
#.....†####
....###.#.##.#####..
.......#..........#
#......##.#######
#....#.##.#
#.........### #
#....#......#
#.##.##.######>#


You could see an endoplasm.

Vanquished Creatures
  A gnoll (D:1)
  2 adders (D:2)
  2 dart slugs (D:1)
  2 orcs (D:3)
  An endoplasm (D:1)
  5 goblins
  4 hobgoblins
  5 jackals (D:1)
  4 quokkas
  2 ball pythons
  5 bats
  2 frilled lizards (D:1)
  3 kobolds
  4 rats
42 creatures vanquished.

Notes
Turn   | Place    | Note
-------+----------+-------------------------------------------
     0 | D:1      | Gadfly the Oni Berserker began the quest for the Orb.
     0 | D:1      | Reached XP level 1. HP: 24/24 MP: 1/1
   104 | D:1      | Reached XP level 2. HP: 32/32 MP: 2/2
   417 | D:1      | Reached skill level 1 in Armour
   417 | D:1      | Reached skill level 1 in Evocations
   417 | D:1      | Reached XP level 3. HP: 33/39 MP: 3/3
  1388 | D:2      | Reached XP level 4. HP: 49/49 MP: 4/4
  1558 | D:3      | Reached ** piety under Trog
  1613 | D:3      | HP: 2/49 [something/magic dart (10)]
  1613 | D:3      | Frozen to death by an endoplasm

Illustrated notes

Levels and vault maps discovered:
D:1:      lightli_arrival_flooded_house, layout_basic
D:2:      layout_basic
D:3:      layout_loops_cross, lemuel_zombie_altar_kikubaaqudgha,
          minmay_tree_intersection

Skill      XL: |  1  2 |
---------------+-------+-----
Armour         | 1 |  1.6
Evocations     | 1 |  1.5
Fighting       | |  4.4
Maces & Flails | |  3.6
Dodging        | |  2.6

Action                     |  1- 3 |  4- 6 || total
---------------------------+-------+-------++-------
  Melee: Mace              |    85 |    15 ||   100
         Headbutt          |     8 |     3 ||    11
         Flail             |       |    12 ||    12
    Use: Scroll            |     4 |     2 ||     6
         Potion            |       |     4 ||     4
   Stab: Sleeping          |     2 |       ||     2
 Armour: Animal skin       |    23 |       ||    23
         Robe              |    22 |    32 ||    54
  Dodge: Dodged            |    49 |    13 ||    62
